 Dungeon Crawl Stone Soup version 0.30.0-20-g3615ddf2f0 (webtiles) character file.

Game seed: 1958542172065049227

6381 qw the Cleaver (level 10, -1/64 HPs)
             Began as a Gargoyle Fighter on May 29, 2023.
             Was a Follower of Okawaru.
             Slain by a yak (9 damage)
             ... on level 8 of the Dungeon.
             The game lasted 00:04:23 (7753 turns).

qw the Cleaver (Gargoyle Fighter)                   Turns: 7753, Time: 00:04:23

Health: -1/64      AC: 28    Str: 24    XL:     10   Next: 97%
Magic:  9/13       EV:  9    Int:  9    God:    Okawaru [*.....]
Gold:   207        SH:  6    Dex:  9    Spells: 9/9 levels left

rFire   . . .        Y - +2 war axe
rCold   . . .        c - +0 buckler
rNeg    + . .        i - +0 plate armour
rPois   inf          (no helmet)
rElec   +            (no cloak)
rCorr   .            (no gloves)
SInv    .            b - +0 pair of boots
Will    .....        h - amulet of regeneration Stlth
                     o - +4 ring of protection
HPRegen 1.10/turn    (no ring)
MPRegen 0.13/turn

%: no passive effects
@: about to teleport, heroic
A: sickness immunity, AC +7, negative energy resistance 1, electricity
resistance, torment resistance 1, petrification resistance
a: Renounce Religion, Heroism


You were on level 8 of the Dungeon.
You worshipped Okawaru.
Okawaru was aware of your devotion.
You visited 2 branches of the dungeon, and saw 9 of its levels.
You also visited: Ossuary.

You collected 360 gold pieces.
You spent 153 gold pieces at shops.


Innate Abilities, Weirdness & Mutations

You are immune to sickness and miasma.
Your stone body is resilient. (AC +7)
You are immune to poison.
You resist negative energy. (rN+)
You are resistant to electric shocks. (rElec)
You are resistant to unholy torment.
You are immune to petrification.


   Skills:
 - Level 8.1(13.1) Fighting
 + Level 10.8(15.8) Axes
 - Level 2.4(7.4) Throwing
 - Level 6.8(11.8) Armour
 - Level 1.7(6.7) Dodging
 - Level 6.4(11.4) Shields
 - Level 4.0 Invocations


You had 9 spell levels left.
You didn't know any spells.
Your spell library was empty.

Inventory:

Hand Weapons
 r - a +1 hand axe of flaming
 Y - a +2 war axe (weapon)
Missiles
 l - a silver boomerang (quivered)
 q - 2 boomerangs
Armour
 b - a +0 pair of boots (worn)
 c - a +0 buckler (worn)
 i - a +0 plate armour (worn)
Jewellery
 e - a ring of see invisible
 h - an amulet of regeneration (around neck)
 m - a ring of fire
 o - a +4 ring of protection (left hand)
Scrolls
 j - 2 scrolls of identify
 u - a scroll of teleportation
Potions
 a - 6 potions of mutation
 d - a potion of might
 f - 2 potions of attraction
 g - a potion of cancellation
 k - 2 potions of lignification
 w - a potion of heal wounds {unknown}
 z - a potion of haste {unknown}

Dungeon Overview and Level Annotations

Branches:
Dungeon (8/15)             Temple (1/1) D:7         Ossuary (visited)
   Lair: D:8-11

Altars:
Ashenzari
Cheibriados
Dithmenos
Elyvilon
Fedhas
Gozag
Hepliaklqana
Kikubaaqudgha
Makhleb
Nemelex Xobeh
Okawaru
Ru
Sif Muna
Trog
Uskayaw
Vehumet
Xom
Yredelemnul
The Shining One

Shops:
D:1 *   D:4 *   D:5 *

Annotations:
D:6 2 transporters, qw's ghost, amateur GrFi
D:7 2 transporters, 1 runed translucent door, Crazy Yiuf; qw's ghost, novice GrFi
D:8 2 transporters, Grum


Message History

You slash the yak!
The yak is severely wounded.
The yak gores you!
You slash the yak!
You kill the yak!
Okawaru accepts your kill.
You hit the yak but do no damage.
Your Invocations skill increases to level 4!
You slice the yak!!
The yak is heavily wounded.
You hit the yak. You barely miss the yak.
The yak gores you but does no damage. x3
You slice the yak!!
You kill the yak!
Okawaru accepts your kill.
You hit the yak. You hit the yak but do no damage.
You hit the yak but do no damage.
The yak is lightly wounded.
You hit the yak. The yak closely misses you. You block the yak's attack.
You hit the yak.
The yak is moderately wounded.
You slash the yak! The yak barely misses you.
The yak gores you but does no damage.
You closely miss the yak.
The yak is moderately wounded.
You hit the yak but do no damage. You hit the yak.
The yak is moderately wounded.
You hit the yak. You block the yak's attack. The yak gores you!
You slash the yak!
The yak is severely wounded.
You slash the yak! The yak gores you! You block the yak's attack.
7753 ||| READING 2 scrolls of teleportation.
As you read the scroll of teleportation, it crumbles to dust.
You feel strangely unstable. The yak gores you!
You die...

...#+##
#.#.....~.....#.......>.
......#
#.....~~~~..[...########
......# #....~~~~~~.....# #
......# ##....~~~~~....## #
......#####....~~~~.....###
................~~~.......#
##+#'#.#.........~........#
##.#.#..<........~.......##
...#+#.#.......Y@~.......###
.......#....####Y%'####....#
......<#....# ..~.+ #....#
.......#....# ##.~.# #....#
.......#....# ..~.. #...)#
###....#....# #.~.## #....#
# #.....#...# ..~.+ #...## #
#.[.......# #.~.## #....# #
#...#.....# .Y~Y. #....#


You could see 2 yaks.

Vanquished Creatures
  A two-headed ogre (D:8)
  A death yak (D:8)
  Pikel (D:8)
  Psyche (D:8)
  6 yaks (D:8)
  A steam dragon (D:7)
  Menkaure (D:4)
  Edmund (D:4)
  A water moccasin (D:6)
  An orc warrior (D:7)
  A black bear (D:7)
  A hornet zombie (Ossuary)
  An ogre (D:5)
  2 centaurs
  A kobold brigand (D:7)
  3 lemures (D:8)
  Blork the orc (D:4)
  A gnoll sergeant (D:6)
  3 scorpions
  4 bullfrogs
  4 water moccasin zombies (Ossuary)
  3 howler monkeys
  2 centaur zombies (Ossuary)
  5 bullfrog zombies (Ossuary)
  3 jellies (D:6)
  2 gnoll boudas
  2 orc priests
  5 hounds
  3 sleepcaps
  7 iguanas
  7 orc wizards
  Natasha (twice) (D:4)
  A killer bee zombie (Ossuary)
  13 mummies
  A howler monkey zombie (Ossuary)
  10 gnolls
  10 adders
  A shadow imp (D:7)
  A white imp (D:8)
  An ufetubus (D:5)
  2 worms (D:2)
  5 dart slugs
  34 orcs
  8 ball pythons
  7 bats
  5 endoplasms
  3 giant cockroaches
  6 goblins
  7 hobgoblins
  3 jackals (D:4)
  4 quokkas
  2 frilled lizards
  2 goblin zombies (D:5)
  8 kobolds
  8 rats
220 creatures vanquished.

Notes
Turn   | Place    | Note
-------+----------+-------------------------------------------
     0 | D:1      | qw the Gargoyle Fighter began the quest for the Orb.
     0 | D:1      | Reached XP level 1. HP: 14/14 MP: 1/1
     0 | D:1      | 0 ||| qw: Version: 0.2-a-102-g2b76a06
     0 | D:1      | 0 ||| qw: Game counter: 407
     0 | D:1      | 0 ||| qw: Always use a shield: true
     0 | D:1      | 0 ||| qw: God list: Okawaru
     0 | D:1      | 0 ||| qw: Allow faded altars: false
     0 | D:1      | 0 ||| qw: Do Orc after D:15 true
     0 | D:1      | 0 ||| qw: Do second Lair branch before Depths: true
     0 | D:1      | 0 ||| qw: Lair rune preference: random
     0 | D:1      | 0 ||| qw: Plans: Normal, Zot:1-4, Slime:5, God:TSO, Crypt,
                  | Tomb, Pan, Hells, Abyss, Win
     0 | D:1      | 0 ||| PLANNING D:1-11
    29 | D:1      | Reached skill level 2 in Axes
    57 | D:1      | Found Ekhuke's Assorted Antiques.
    64 | D:1      | 64 ||| BUYING bubbling black potion (17 gold).
    64 | D:1      | Bought a bubbling black potion for 17 gold pieces
    64 | D:1      | 64 ||| SHOPLISTING bubbling white potion (17 gold, have 2).
    64 | D:1      | 64 ||| SHOPLISTING plate armour (437 gold, have 2).
    64 | D:1      | 64 ||| SHOPLISTING sedimented amethyst potion (17 gold,
                  | have 2).
   158 | D:1      | Reached XP level 2. HP: 19/19 MP: 2/2
   415 | D:1      | Reached skill level 3 in Axes
   443 | D:1      | 443 ||| Stepping ~*~*~tactically~*~*~ (hiding).
   449 | D:1      | Reached XP level 3. HP: 23/23 MP: 3/3
   817 | D:1      | 817 ||| READING scroll labelled SOUBIROGOD.
   818 | D:1      | 818 ||| READING 3 scrolls labelled CYWATZ ISI FUE.
   819 | D:1      | 819 ||| READING scroll labelled TIERE VEPEEVU.
   820 | D:1      | 820 ||| READING scroll labelled LIUWKE HOUCE.
   825 | D:1      | 825 ||| READING 2 scrolls labelled FEADEGYGEI.
   826 | D:1      | 826 ||| DROPPING 2 scrolls of noise.
  1007 | D:2      | 1007 ||| Stepping ~*~*~tactically~*~*~ (hiding).
  1100 | D:2      | 1100 ||| Stepping ~*~*~tactically~*~*~ (hiding).
  1301 | D:2      | Reached XP level 4. HP: 28/28 MP: 4/4
  1317 | D:2      | 1317 ||| Stepping ~*~*~tactically~*~*~ (stealth).
  1387 | D:2      | Reached skill level 4 in Axes
  1795 | D:2      | 1795 ||| Stepping ~*~*~tactically~*~*~ (stealth).
  1961 | D:2      | 1961 ||| UPGRADING to +0 chain mail.
  1971 | D:2      | 1971 ||| DROPPING +0 scale mail.
  1972 | D:2      | 1972 ||| DROPPING +6 ring of intelligence.
  1973 | D:2      | 1973 ||| UPGRADING to +4 ring of protection.
  1974 | D:2      | 1974 ||| READING scroll labelled BETZEU YBEYCRY.
  1975 | D:2      | 1975 ||| READING scroll labelled AKHAOZUDIN.
  1976 | D:2      | 1976 ||| READING scroll labelled MOSKAI XON ESAJ.
  1977 | D:2      | 1977 ||| READING scroll labelled LEKHLI KETO UTO.
  1978 | D:2      | 1978 ||| READING 2 scrolls of identify.
  1978 | D:2      | 1978 ||| IDENTIFYING murky coppery potion
  2033 | D:3      | 2033 ||| Stepping ~*~*~tactically~*~*~ (hiding).
  2036 | D:3      | 2036 ||| Stepping ~*~*~tactically~*~*~ (hiding).
  2074 | D:3      | Found a burning altar of Makhleb.
  2074 | D:3      | Found a shimmering blue altar of Sif Muna.
  2120 | D:3      | Reached XP level 5. HP: 31/32 MP: 5/5
  2257 | D:3      | Found a faded altar of an unknown god.
  2501 | D:3      | 2501 ||| UPGRADING to +0 pair of boots.
  2506 | D:3      | 2506 ||| UPGRADING to amulet of regeneration.
  2511 | D:3      | 2511 ||| DRINKING 2 glowing dark potions.
  2542 | D:3      | 2542 ||| DRINKING 2 cyan potions.
  2543 | D:3      | 2543 ||| READING 2 scrolls of identify.
  2543 | D:3      | 2543 ||| IDENTIFYING bubbling black potion
  2621 | D:4      | Found Duguschi's Lightly-Used Armoury.
  2627 | D:4      | 2627 ||| BUYING -1 demon whip (110 gold).
  2627 | D:4      | Bought a -1 demon whip for 110 gold pieces
  2627 | D:4      | 2627 ||| DROPPING +0 mace.
  2678 | D:4      | Reached skill level 5 in Axes
  2724 | D:4      | Reached XP level 6. HP: 39/39 MP: 6/6
  2801 | D:4      | 2801 ||| Stepping ~*~*~tactically~*~*~ (stealth).
  2810 | D:4      | 2810 ||| Stepping ~*~*~tactically~*~*~ (hiding).
  2990 | D:4      | Noticed Edmund
  2991 | D:4      | Noticed Natasha
  2992 | D:4      | 2992 ||| Stepping ~*~*~tactically~*~*~ (hiding).
  3002 | D:4      | Killed Natasha
  3007 | D:4      | Killed Edmund
  3008 | D:4      | Reached skill level 6 in Axes
  3008 | D:4      | Reached XP level 7. HP: 28/44 MP: 7/7
  3097 | D:4      | Noticed Blork the orc
  3108 | D:4      | Killed Blork the orc
  3109 | D:4      | Reached skill level 1 in Dodging
  3135 | D:4      | 3135 ||| DROPPING -1 demon whip.
  3172 | D:4      | Noticed Natasha
  3173 | D:4      | 3173 ||| Stepping ~*~*~tactically~*~*~ (hiding).
  3192 | D:4      | Killed Natasha
  3291 | D:4      | Noticed Menkaure
  3303 | D:4      | Killed Menkaure
  3304 | D:4      | Reached skill level 7 in Axes
  3480 | D:4      | 3480 ||| READING 2 scrolls of identify.
  3480 | D:4      | 3480 ||| IDENTIFYING black potion
  3481 | D:4      | 3481 ||| DROPPING potion of degeneration.
  3523 | D:5      | Entered Level 5 of the Dungeon
  3524 | D:5      | 3524 ||| PLANNING OSSUARY
  3573 | D:5      | 3573 ||| Stepping ~*~*~tactically~*~*~ (hiding).
  3706 | D:5      | Found a sand-covered staircase.
  3733 | D:5      | 3733 ||| READING scroll labelled DEEJI MOCULL.
  3737 | Ossuary  | Entered an ossuary
  3751 | Ossuary  | Reached XP level 8. HP: 49/49 MP: 8/8
  3752 | Ossuary  | Reached skill level 1 in Throwing
  3792 | Ossuary  | 3792 ||| Stepping ~*~*~tactically~*~*~ (water).
  3806 | Ossuary  | 3806 ||| Stepping ~*~*~tactically~*~*~ (hiding).
  3814 | Ossuary  | Reached skill level 8 in Axes
  3861 | Ossuary  | Reached skill level 6 in Fighting
  3907 | Ossuary  | 3907 ||| Stepping ~*~*~tactically~*~*~ (water).
  3981 | Ossuary  | 3981 ||| Stepping ~*~*~tactically~*~*~ (water).
  4010 | Ossuary  | 4010 ||| Stepping ~*~*~tactically~*~*~ (water).
  4016 | Ossuary  | Reached XP level 9. HP: 55/55 MP: 9/9
  4069 | Ossuary  | 4069 ||| READING scroll labelled WASTRU ROAXE JEHUON.
  4070 | Ossuary  | 4070 ||| READING scroll labelled UHELIWK REOLAST.
  4071 | Ossuary  | 4071 ||| DRINKING 3 bubbling white potions.
  4072 | Ossuary  | 4072 ||| DROPPING 2 potions of brilliance.
  4085 | D:5      | 4085 ||| PLANNING D:1-11
  4177 | D:5      | 4177 ||| Stepping ~*~*~tactically~*~*~ (hiding).
  4178 | D:5      | 4178 ||| Stepping ~*~*~tactically~*~*~ (hiding).
  4309 | D:5      | 4309 ||| Stepping ~*~*~tactically~*~*~ (stealth).
  4400 | D:5      | Reached skill level 9 in Axes
  4534 | D:5      | Found Hidomel's General Store.
  4542 | D:5      | 4542 ||| SHOPLISTING potion of haste (130 gold, have 102).
  4542 | D:5      | 4542 ||| BUYING scroll of identify (26 gold).
  4542 | D:5      | Bought a scroll of identify for 26 gold pieces
  4611 | D:5      | 4611 ||| DROPPING amulet of the acrobat.
  4612 | D:5      | 4612 ||| READING 2 scrolls of identify.
  4612 | D:5      | 4612 ||| IDENTIFYING fizzy golden potion
  4652 | D:5      | 4652 ||| Stepping ~*~*~tactically~*~*~ (stealth).
  4653 | D:5      | 4653 ||| Stepping ~*~*~tactically~*~*~ (stealth).
  4903 | D:6      | Found a transporter.
  4917 | D:6      | Noticed a queen bee
  4918 | D:6      | 4918 ||| Stepping ~*~*~tactically~*~*~ (hiding).
  4919 | D:6      | 4919 ||| Stepping ~*~*~tactically~*~*~ (hiding).
  4920 | D:6      | 4920 ||| Stepping ~*~*~tactically~*~*~ (hiding).
  4923 | D:6      | 4923 ||| Stepping ~*~*~tactically~*~*~ (hiding).
  4988 | D:6      | 4988 ||| DRINKING 2 potions of curing.
  4988 | D:6      | 4988 ||| (to cure confusion)
  5050 | D:6      | 5050 ||| Stepping ~*~*~tactically~*~*~ (hiding).
  5057 | D:6      | 5057 ||| DRINKING potion of curing.
  5057 | D:6      | 5057 ||| (to cure confusion)
  5058 | D:6      | 5058 ||| Stepping ~*~*~tactically~*~*~ (hiding).
  5295 | D:6      | 5295 ||| Stepping ~*~*~tactically~*~*~ (stealth).
  5489 | D:6      | Noticed qw's ghost (amateur GrFi)
  5497 | D:6      | Found a transporter.
  5882 | D:6      | 5882 ||| READING 3 scrolls of identify.
  5882 | D:6      | 5882 ||| IDENTIFYING coppery potion
  5883 | D:6      | 5883 ||| READING 2 scrolls of identify.
  5883 | D:6      | 5883 ||| IDENTIFYING red potion
  5884 | D:6      | 5884 ||| DROPPING potion of magic.
  5885 | D:6      | 5885 ||| DROPPING potion of ambrosia.
  5951 | D:7      | 5951 ||| Stepping ~*~*~tactically~*~*~ (stealth).
  6033 | D:7      | Found a bloodstained altar of Trog.
  6033 | D:7      | Noticed qw's ghost (novice GrFi)
  6034 | D:7      | Noticed a moth of wrath
  6044 | D:7      | Found a transporter.
  6044 | D:7      | Noticed a troll
  6053 | D:7      | Found a transporter.
  6085 | D:7      | Reached skill level 10 in Axes
  6120 | D:7      | 6120 ||| Stepping ~*~*~tactically~*~*~ (stealth).
  6213 | D:7      | Reached XP level 10. HP: 33/64 MP: 10/10
  6297 | D:7      | Found a staircase to the Ecumenical Temple.
  6298 | D:7      | 6298 ||| PLANNING TEMPLE
  6298 | D:7      | 6298 ||| UPGRADING to +0 plate armour.
  6308 | D:7      | 6308 ||| DROPPING +0 chain mail.
  6309 | D:7      | 6309 ||| READING 2 scrolls of identify.
  6309 | D:7      | 6309 ||| IDENTIFYING murky ruby potion
  6310 | D:7      | 6310 ||| DROPPING potion of invisibility.
  6319 | Temple   | Entered the Ecumenical Temple
  6320 | Temple   | 6320 ||| PLANNING OKAWARU WORSHIP
  6389 | Temple   | Became a worshipper of Warmaster Okawaru
  6389 | Temple   | 6389 ||| PLANNING D:1-11
  6420 | D:7      | Found a runed translucent door.
  6421 | D:7      | Noticed Crazy Yiuf
  6478 | D:7      | Found an ancient bone altar of Kikubaaqudgha.
  6585 | D:7      | 6585 ||| Stepping ~*~*~tactically~*~*~ (hiding).
  6957 | D:7      | 6957 ||| DROPPING scarf of shadows.
  6958 | D:7      | 6958 ||| DRINKING 3 brown potions.
  7063 | D:7      | 7063 ||| DROPPING 2 potions of berserk rage.
  7132 | D:8      | Found a transporter.
  7150 | D:8      | Noticed Grum
  7161 | D:8      | Noticed Pikel
  7162 | D:8      | 7162 ||| Stepping ~*~*~tactically~*~*~ (stealth).
  7202 | D:8      | Killed Pikel
  7203 | D:8      | Reached skill level 6 in Armour
  7225 | D:8      | 7225 ||| READING scroll of enchant weapon.
  7225 | D:8      | 7225 ||| ENCHANTING +1 war axe.
  7257 | D:8      | Found a transporter.
  7319 | D:8      | Noticed Psyche
  7327 | D:8      | Killed Psyche
  7497 | D:8      | Noticed a death yak
  7625 | D:8      | Noticed a two-headed ogre
  7637 | D:8      | Killed a two-headed ogre
  7637 | D:8      | Reached * piety under Okawaru
  7638 | D:8      | Reached skill level 6 in Shields
  7721 | D:8      | 7721 ||| INVOKING Heroism.
  7726 | D:8      | Reached skill level 1 in Invocations
  7730 | D:8      | Killed a death yak
  7731 | D:8      | Reached skill level 3 in Invocations
  7742 | D:8      | 7742 ||| INVOKING Heroism.
  7752 | D:8      | HP: 7/64 [yak (12)]
  7753 | D:8      | 7753 ||| READING 2 scrolls of teleportation.
  7753 | D:8      | Slain by a yak

Levels and vault maps discovered:
D:1:      dpeg_arrival_refuge, layout_basic, serial_shops, shop
D:2:      kb_forest_paths, layout_basic, serial_bayou_pond_a
D:3:      layout_rooms, gammafunk_temple_overflow_pools,
          ebering_ecumenical_altar_mist
D:4:      layout_gridville, grunt_ministairs_10, minmay_shop_damaged,
          uniq_edmund, uniq_natasha, uniq_menkaure, uniq_blork_the_orc
D:5:      layout_loops_cross, serial_shops, shop, nicolae_ossuary_entry_giza,
          grunt_ministairs_8, nicolae_hexahallways, corner_web_ring,
          minmay_between
D:6:      layout_basic, gammafunk_ghost_hive, grunt_ministairs_12
D:7:      layout_basic, mainiacjoe_overflow_concentric_impassable,
          minmay_temple_entry_statues_pillars,
          gammafunk_ghost_wrathful_warriors, uniq_crazy_yiuf_cottage
D:8:      argonaut_augean_stables, layout_basic, gammafunk_ghost_gnarly_gnolls,
          uniq_psyche, uniq_pikel
Temple:   nicolae_temple_x_marks_the_god

Skill      XL: |  1  2  3  4  5  6  7  8  9 10 |
---------------+-------------------------------+-----
Axes           | 2 3 4 5 6 7 8 10 | 10.8
Fighting       | 4 5 6 7 8 |  8.1
Dodging        | 1 |  1.7
Throwing       | 1 2 |  2.4
Armour         | 4 5 6 |  6.8
Shields        | 4 6 |  6.4
Invocations    | 4 |  4.0

Action                     |  1- 3 |  4- 6 |  7- 9 | 10-12 || total
---------------------------+-------+-------+-------+-------++-------
  Melee: War axe           |   122 |   167 |   431 |   129 ||   849
  Throw: Boomerang         |       |     2 |    42 |    14 ||    58
 Invoke: Heroism           |       |       |       |     2 ||     2
    Use: Scroll            |     5 |     6 |     7 |     3 ||    21
         Potion            |       |     2 |     3 |     1 ||     6
 Armour: Scale mail        |    64 |    30 |       |       ||    94
         Chain mail        |       |    67 |   317 |     5 ||   389
         Plate armour      |       |       |       |    72 ||    72
  Dodge: Dodged            |    54 |    66 |   147 |    41 ||   308
  Block: Buckler           |    34 |    26 |   102 |    30 ||   192

Table legend:
 A = Non-vault XP
 B = Vault XP
 C = Vault XP percentage of total XP
 D = Non-vault monster count
 E = Vault monster count
 F = Vault count percentage of total count
                 A         B        C        D         E       F
            +---------+---------+-------+---------+---------+-------
      Total |    3840 |    5277 |  57.9 |     154 |      63 |  29.0
            +---------+---------+-------+---------+---------+-------
        D:1 |      44 |       0 |   0.0 |      24 |       0 |   0.0
        D:2 |      73 |      36 |  33.0 |      20 |       6 |  23.1
        D:3 |      57 |       0 |   0.0 |      11 |       0 |   0.0
        D:4 |     370 |     556 |  60.0 |      22 |       9 |  29.0
        D:5 |     173 |     358 |  67.4 |      13 |      11 |  45.8
        D:6 |     871 |      85 |   8.9 |      28 |       2 |   6.7
        D:7 |    1185 |       0 |   0.0 |      31 |       0 |   0.0
        D:8 |    1067 |    3056 |  74.1 |       5 |       9 |  64.3
    Ossuary |       0 |    1186 | 100.0 |       0 |      26 | 100.0
            +---------+---------+-------+---------+---------+-------
